 Dungeon Crawl Stone Soup version 0.32-a0-534-ga61f84b8bd (webtiles) character file.

Game seed: 3262004980888746356

677 dyspepsi the Shooter (level 7, -1/53 HPs)
             Began as a Coglin Hunter on Feb 28, 2024.
             Was a Follower of Fedhas.
             Slain by a scorpion (3 damage)
             ... on level 5 of the Dungeon.
             The game lasted 00:09:14 (3196 turns).

dyspepsi the Shooter (Coglin Hunter)                Turns: 3196, Time: 00:09:19

Health: -1/53      AC:  5    Str: 11    XL:     7   Next: 60%
Magic:  7/7        EV: 12    Int:  9    God:    Fedhas [*.....]
Gold:   247        SH:  0    Dex: 19    Spells: 6/6 levels left

rFire   . . .        a - +0 shortbow {Citlalmina}
rCold   . . .        (shield currently unavailable)
rNeg    . . .        c - +0 leather armour
rPois   .            f - +0 helmet
rElec   .            (no cloak)
rCorr   .            (no gloves)
SInv    .            l - +0 pair of boots
Will    .....        d - amulet of regeneration
Stlth   +            (ring unavailable)
HPRegen 1.08/turn    (ring unavailable)
MPRegen 0.10/turn

%: no passive effects
@: confused, lethally poisoned (-1 -> -21), ambrosia-drunk, attractive, revved
A: off-hand wielding, slow wielding, warmup strikes, no rings
a: Renounce Religion


You were on level 5 of the Dungeon.
You worshipped Fedhas.
Fedhas was aware of your devotion.
You visited 1 branch of the dungeon, and saw 5 of its levels.

You collected 247 gold pieces.

Inventory:

Hand Weapons
 a - a +0 shortbow (weapon) {Citlalmina}
Armour
 c - a +0 leather armour (worn)
 f - a +0 helmet (worn)
 l - a +0 pair of boots (worn)
Jewellery
 d - an amulet of regeneration (around neck)
Scrolls
 b - a scroll of butterflies
 e - 3 scrolls of identify {unknown}
 g - 2 scrolls of enchant armour {unknown}
 i - 2 scrolls of vulnerability {unknown}
 j - 3 scrolls of teleportation {unknown}
 m - a scroll of amnesia
 o - a scroll of revelation {unknown}
 q - a scroll of enchant weapon {unknown}
 r - a scroll of noise {unknown}
 t - a scroll of torment {unknown}
 u - a scroll of acquirement {unknown}
Potions
 n - a potion of attraction
 p - a potion of might {unknown}
 s - a potion of haste {unknown}
 v - a potion of berserk rage {unknown}


   Skills:
 - Level 3.6 Fighting
 + Level 7.2 Ranged Weapons
 - Level 1.4 Armour
 - Level 2.4 Dodging
 - Level 1.0 Stealth


You had 6 spell levels left.
You didn't know any spells.
Your spell library contained the following spells:

 Spells                   Type           Power      Damage    Failure   Level
 Scorch                   Fire           0%         2d5       63%         2
 Inner Flame              Hex/Fire       0%         N/A       85%         3
 Flame Wave               Conj/Fire      0%         2d4       99%         4
 Sticky Flame             Fire/Alch      0%         2d4       99%         4
 Summon Cactus Giant      Summ           0%         N/A       100%        6


Dungeon Overview and Level Annotations

Branches:
Dungeon (5/15)
 Temple: D:4-7

Altars:
Dithmenos
Fedhas

Portals:
Ossuary: D:5

Annotations:
D:2 Sigmund


Innate Abilities, Weirdness & Mutations

You can wield a second weapon in your off-hand.
It takes a long time for you to wield or remove held weapons.
Your first few attacks do less damage.
Your grasper-arms cannot wear rings.


Message History

The ufetubus hits you.
The ufetubus hits you but does no damage. x2
The ufetubus misses you. The scorpion stings you.
You are more poisoned.
The scorpion poisons you!
Fire: a) +0 shortbow {Citlalmina}
Press: ? - help, Q - select action Shift-Dir - straight line, f/p - scorpion
Aim: a scorpion (severely wounded, 65% to hit)
You shoot an arrow.
The arrow hits the scorpion but does no damage.
The scorpion is severely wounded.
You feel very sick. The ufetubus completely misses you. The ufetubus hits you.
The scorpion stings you.
You are lethally poisoned!
The scorpion poisons you! The ufetubus closely misses you.
The ufetubus hits you but does no damage.
Fire: a) +0 shortbow {Citlalmina}
Press: ? - help, Q - select action Shift-Dir - straight line, f/p - scorpion
Aim: a scorpion (severely wounded, 65% to hit)
You shoot an arrow. The arrow hits the scorpion.
The scorpion is almost dead.
* * * LOW HITPOINT WARNING * * *
You feel very sick.
The scorpion stings you but does no damage.
The ufetubus hits you.
* * * LOW HITPOINT WARNING * * *
The ufetubus closely misses you. The scorpion stings you.
* * * LOW HITPOINT WARNING * * *
You are more poisoned.
The scorpion poisons you!
It was a potion of ambrosia.
You are confused.
You feel invigorated.
* * * LOW HITPOINT WARNING * * *
You feel extremely sick. The ufetubus barely misses you.
The ufetubus misses you. The scorpion stings you.
You die...
Fedhas appreciates your contribution to the ecosystem.

#..##### #...# ##..#
#..# ####...# ..#
#.....## #######...#
....###.#####........#
# ...
#..<....†......... ..
..
#........#########.##
.
#....#.>.#######.....
#[...#..5@...........
######...#s#?##......
#...#.#.........
#...#.[...∩.....
#######.........
#..#.#.... #...?. ...
##..... .# ####### #


You could see a scorpion and an ufetubus.

Vanquished Creatures
  Grinder (D:5)
  A scorpion (D:5)
  3 bombardier beetles
  2 hounds (D:4)
  An iguana (D:5)
  Natasha (D:2)
  2 orc wizards (D:4)
  A gnoll (D:3)
  7 adders
  An ufetubus (D:5)
  3 ribbon worms
  2 dart slugs
  5 orcs
  8 ball pythons
  9 endoplasms
  A giant cockroach (D:1)
  4 goblins
  9 hobgoblins
  3 jackals (D:4)
  10 kobolds
  11 quokkas
  2 bats
  4 frilled lizards
  3 rats (D:2)
94 creatures vanquished.

Vanquished Creatures (others)
  An adder (D:5)
1 creature vanquished.

Grand Total: 95 creatures vanquished

Notes
Turn   | Place    | Note
-------+----------+-------------------------------------------
     0 | D:1      | dyspepsi the Coglin Hunter began the quest for the Orb.
     0 | D:1      | Reached XP level 1. HP: 16/16 MP: 1/1
   109 | D:1      | Reached XP level 2. HP: 22/22 MP: 2/2
   158 | D:1      | Reached skill level 4 in Ranged Weapons
   215 | D:1      | Reached XP level 3. HP: 27/27 MP: 3/3
   230 | D:1      | Found a faded altar of an unknown god.
   878 | D:2      | Reached XP level 4. HP: 31/33 MP: 4/4
   992 | D:2      | Reached skill level 5 in Ranged Weapons
  1147 | D:2      | Noticed Sigmund
  1168 | D:2      | Noticed Natasha
  1173 | D:2      | Killed Natasha
  1174 | D:2      | Reached XP level 5. HP: 29/38 MP: 5/5
  1381 | D:3      | Found a blossoming altar of Fedhas.
  1424 | D:3      | Became a worshipper of Fedhas Madash
  1698 | D:3      | You fall into a shaft and drop 1 floor!
  2095 | D:4      | Reached skill level 6 in Ranged Weapons
  2095 | D:4      | Reached XP level 6. HP: 43/46 MP: 6/6
  2160 | D:4      | Reached * piety under Fedhas
  2489 | D:4      | Reached skill level 1 in Armour
  2904 | D:5      | Entered Level 5 of the Dungeon
  2911 | D:5      | Found a shadowy altar of Dithmenos.
  2975 | D:5      | Reached XP level 7. HP: 21/52 MP: 7/7
  3100 | D:5      | Noticed Grinder
  3118 | D:5      | Killed Grinder
  3119 | D:5      | Reached skill level 7 in Ranged Weapons
  3119 | D:5      | Reached skill level 1 in Stealth
  3170 | D:5      | Found a sand-covered staircase.
  3196 | D:5      | HP: 2/53 [poisoned by a scorpion]
  3196 | D:5      | Slain by a scorpion

Illustrated notes

Levels and vault maps discovered:
D:1:      minmay_arrival_checkered_box, layout_loops_ring,
          dreamdust_ecumenical_altar_statues, minmay_indecisive_spiral
D:2:      layout_basic, st_stairs_6, kennysheep_generic_room_5, uniq_sigmund,
          uniq_natasha
D:3:      layout_basic, fedhas_altar_2, minmay_pentangle
D:4:      layout_basic
D:5:      layout_rooms, mainiacjoe_overflow_paths, lemuel_temple_firewalk_b,
          nicolae_ossuary_entry_ruins, uniq_grinder

Skill      XL: |  1  2  3  4  5  6  7 |
---------------+----------------------+-----
Ranged Weapons | 4 5 6 7 |  7.2
Dodging        | 2 |  2.4
Armour         | 1 |  1.4
Fighting       | 3 |  3.6
Stealth        | 1 |  1.0

Action                     |  1- 3 |  4- 6 |  7- 9 || total
---------------------------+-------+-------+-------++-------
   Fire: Shortbow          |   114 |   243 |    46 ||   403
    Use: Scroll            |       |     1 |       ||     1
         Potion            |       |       |     3 ||     3
 Armour: Leather armour    |    28 |    80 |    47 ||   155
  Dodge: Dodged            |    36 |    80 |    40 ||   156

Table legend: (Time is in decaauts)
 A = Elapsed time spent in this place.
 B = Non-inter-level travel time spent in this place.
 C = Inter-level travel time spent in this place.
 D = Time resting spent in this place.
 E = Time spent auto-exploring this place.
 F = Levels seen in this place.
 G = Mean time per level.
                   A        B        C        D        E       F      G
               +--------+--------+--------+--------+--------+-----+--------+
         Total |   3268 |   3179 |     89 |      0 |   2404 |   5 |  653.6 |
       Dungeon |   3268 |   3179 |     89 |      0 |   2404 |   5 |  653.6 |
               +--------+--------+--------+--------+--------+-----+--------+

Top non-repeatable levels by time:
     D:4: 1107 daAuts
     D:1: 645 daAuts
     D:2: 611 daAuts
     D:3: 603 daAuts
     D:5: 299 daAuts
